 Dungeon Crawl Stone Soup version 0.28.0-53-g5a82cb258f (webtiles) character file.

Game seed: 12769710044160015212

55 DildoBatman the Conjurer (level 4, -2/13 (32) HPs)
             Began as a Formicid Conjurer on July 12, 2022.
             Frozen to death by an endoplasm (4 damage)
             ... on level 2 of the Dungeon.
             The game lasted 00:02:40 (990 turns).

DildoBatman the Conjurer (Formicid Conjurer)         Turns: 990, Time: 00:02:41

HP:   -2/13 (32)    AC:  2    Str: 12    XL:     4   Next: 14%
MP:   8/8           EV:  9    Int: 17    God:
Gold: 52            SH:  0    Dex: 11    Spells: 5/8 levels left

rFire   . . .      SeeInvis +   a - +0 hunting sling
rCold   . . .      Faith    .   (no shield)
rNeg    . . .      Spirit   .   d - +0 robe
rPois   .          Reflect  .   (helmet unavailable)
rElec   .          Harm     .   (no cloak)
rCorr   .          Rampage  .   (no gloves)
Will    .....                   (no boots)
Stlth   ++........              (no amulet)
HPRegen 0.04/turn               (no ring)
MPRegen 0.11/turn               (no ring)

@: constricted, extremely drained
A: permanent stasis, dig shafts and tunnels, antennae 3, four strong arms
a: Dig, Shaft Self


You were on level 2 of the Dungeon.
You visited 1 branch of the dungeon, and saw 2 of its levels.

You collected 52 gold pieces.

Inventory:

Hand Weapons
 a - a +0 hunting sling (weapon)
Missiles
 b - 43 stones (quivered ammo)
 c - 5 poisoned darts
 f - 4 javelins
 h - 17 bolts
Armour
 d - a +0 robe (worn)
Scrolls
 g - 2 scrolls of vulnerability {unknown}
 i - a scroll of identify {unknown}
 j - a scroll of teleportation {unknown}
Potions
 e - a potion of haste {unknown}


   Skills:
 * Level 1.5 Fighting
 * Level 1.5 Armour
 - Level 2.0 Dodging
 - Level 2.4 Stealth
 * Level 2.7 Spellcasting
 * Level 4.0 Conjurations


You had 5 spell levels left.
You knew the following spells:

 Your Spells              Type           Power      Damage    Failure   Level
a - Searing Ray           Conj           32%        2d5       5%          2
c - Magic Dart            Conj           64%        1d6       3%          1

Your spell library contained the following spells:

 Spells                   Type           Power      Damage    Failure   Level
 Dazzling Flash           Conj/Hex       18%        N/A       24%         3
 Fulminant Prism          Conj/Hex       4%         3d6       61%         4
 Iskenderun's Mystic Bla  Conj/Tloc      9%         2d4       61%         4


Dungeon Overview and Level Annotations

Branches:
Dungeon (2/15)

Altars:


Innate Abilities, Weirdness & Mutations

You cannot be hasted, slowed, berserked, paralysed or teleported.
You can dig through walls and to a lower floor.
You have a pair of large antennae on your head. (SInv)
Your four strong arms can wield two-handed weapons with a shield.


Message History

Orders for allies: a - Attack new target. r - Retreat! s - Stop attacking. g - Guard the area. f - Follow me.
Anything else - Cancel.
You shout for attention!
The endoplasm barely misses you. The kobold hits you but does no damage.
What are your orders? t - Shout!
Orders for allies: a - Attack new target. r - Retreat! s - Stop attacking. g - Guard the area. f - Follow me.
Anything else - Cancel.
You shout for attention!
The endoplasm barely misses you. The kobold hits you with a +0 dagger.
The ball python bites you but does no damage.
The ball python grabs you. The ball python constricts you.
What are your orders? t - Shout!
Orders for allies: a - Attack new target. r - Retreat! s - Stop attacking. g - Guard the area. f - Follow me.
Anything else - Cancel.
You shout for attention!
The endoplasm closely misses you.
The ball python bites you but does no damage.
The ball python constricts you. The kobold closely misses you. x2
What are your orders? t - Shout!
Orders for allies: a - Attack new target. r - Retreat! s - Stop attacking. g - Guard the area. f - Follow me.
Anything else - Cancel.
You shout for attention!
The endoplasm freezes you.
You are frozen.
You die...

##### .... ... ..###
##...####.. #..........
#K@K# ### ##SJK## ######
#.###..KK.##
#.....##.##.......#
#.........##.JJJJ..#
......!....##....J..# #
...(.......##.....J.# .#
#...<.....#.#)J.J#.## ..#
#.........##.$...'..#####.#


You could see 2 jellies, 7 endoplasms, a ball python and 5 kobolds.

Vanquished Creatures
  An adder (D:2)
  A worm (D:2)
  A dart slug (D:1)
  A ball python (D:1)
  5 bats
  5 endoplasms
  2 goblins
  3 hobgoblins (D:1)
  6 jackals
  4 kobolds
  A quokka (D:1)
  A frilled lizard (D:1)
  4 rats (D:1)
35 creatures vanquished.

Vanquished Creatures (others)
  6 fungi (D:2)
  8 toadstools (D:2)
14 creatures vanquished.

Grand Total: 49 creatures vanquished

Notes
Turn   | Place    | Note
-------+----------+-------------------------------------------
     0 | D:1      | DildoBatman the Formicid Conjurer began the quest for the
                  | Orb.
     0 | D:1      | Reached XP level 1. HP: 13/13 MP: 3/3
   131 | D:1      | Reached XP level 2. HP: 14/20 MP: 5/5
   138 | D:1      | Learned a level 2 spell: Searing Ray
   256 | D:1      | Reached skill level 1 in Armour
   275 | D:1      | Reached XP level 3. HP: 15/25 MP: 3/6
   276 | D:1      | Reached skill level 1 in Fighting
   847 | D:2      | Found a faded altar of an unknown god.
   947 | D:2      | Reached skill level 4 in Conjurations
   947 | D:2      | Reached XP level 4. HP: 32/32 MP: 3/8
   990 | D:2      | Frozen to death by an endoplasm

Illustrated notes

Levels and vault maps discovered:
D:1:      dpeg_arrival_lava_temple_mockup, layout_loops_ring,
          minmay_misc_feat_hallway
D:2:      cheibrodos_fertilizer, layout_rooms,
          hellmonk_ecumenical_altar_dog_temple

Skill      XL: |  1  2  3 |
---------------+----------+-----
Dodging        | 2 |  2.0
Armour         | 1 |  1.5
Fighting       | 1 |  1.5
Conjurations   | 4 |  4.0
Stealth        | |  2.4
Spellcasting   | |  2.7

Action                   |  1- 3 |  4- 6 || total
-------------------------+-------+-------++-------
 Fire: Hunting sling     |    54 |       ||    54
 Cast: Magic Dart        |    15 |       ||    15
       Searing Ray       |     6 |       ||     6
 Abil: Dig               |       |     4 ||     4
Armor: Robe              |     7 |     5 ||    12
Dodge: Dodged            |    23 |    18 ||    41
